[Event "20. Dolomitenbank Open-A 2019"]
[Site "Lienz"]
[Date "2019.02.09"]
[Round "1.1"]
[White "Mohite, Ranveer"]
[Black "Solodovnichenko, Yuri"]
[Result "0-1"]
[ECO "B45"]
[WhiteElo "2238"]
[BlackElo "2574"]
[Annotator "ChessBase"]
[PlyCount "112"]
[EventDate "2019.02.09"]
[EventType "swiss"]
[EventCountry "AUT"]
[SourceTitle "playchess.com"]
[Source "ChessBase"]
[SourceQuality "1"]
[TimeControl "40/5400+30:1800+30"]

1. e4 c5 2. Nf3 e6 3. d4 cxd4 4. Nxd4 Nc6 5. Nc3 d6 6. Be3 Nf6 7. Qd2 Be7 8. f3 O-O 9. O-O-O a6 10. Kb1 Nxd4 11. Bxd4 Nd7 12. Qf2 b5 13. f4 b4 14. Na4 Bb7 15. Bd3 e5 16. fxe5 dxe5 17. Be3 Qc8 18. Rhe1 Qc6 19. Nb6 Nxb6 20. Bxb6 a5 21. b3 Ba6 22. Be3 a4 23. Bxa6 Rxa6 24. Rd5 Rfa8 25. Re2 f5 26. Qf3 f4 27. Bc1 Bc5 28. Rxe5 Bd4 29. Rd5 Bc3 30. Qd3 axb3 31. cxb3 Qc7 32. e5 Re6 33. Rd7 Qc5 34. Qf5 Re7 35. Rxe7 Qxe7 36. Qxf4 Kh8 37. Qc4 Qe8 38. e6 h6 39. e7 Ra7 40. Bb2 Bxb2 41. Qc5 Bd4 42. Qxd4 Rxe7 43. Rd2 Qg6+ 44. Qd3 Re1+ 45. Kc2 Qc6+ 46. Qc4 Qg6+ 47. Qd3 Qc6+ 48. Qc4 Qa8 49. Qxb4 Qxa2+ 50. Kd3 Qb1+ 51. Rc2 Rd1+ 52. Kc3 Qa1+ 53. Rb2 Rc1+ 54. Kd3 Qxb2 55. Qf8+ Kh7 56. Qf5+ g6 {[%emt 0:00:10] Kd4} 0-1

[Event "20. Dolomitenbank Open-A 2019"]
[Site "Lienz"]
[Date "2019.02.09"]
[Round "1.2"]
[White "Istratescu, Andrei"]
[Black "Mohota, Nisha"]
[Result "1-0"]
[ECO "C68"]
[WhiteElo "2555"]
[BlackElo "2233"]
[Annotator "ChessBase"]
[PlyCount "119"]
[EventDate "2019.02.09"]
[EventType "swiss"]
[EventCountry "AUT"]
[SourceTitle "playchess.com"]
[Source "ChessBase"]
[SourceQuality "1"]
[TimeControl "40/5400+30:1800+30"]

1. e4 e5 2. Nf3 Nc6 3. Bb5 a6 4. Bxc6 dxc6 5. O-O Bg4 6. h3 Bxf3 7. Qxf3 Qd7 8. d3 f6 9. Nd2 h5 10. Nc4 O-O-O 11. a4 Kb8 12. Bd2 g5 13. b4 g4 14. Qg3 gxh3 15. Qxh3 Qe8 16. Rfb1 Bh6 17. Be3 Qd7 18. Qxd7 Rxd7 19. b5 cxb5 20. axb5 Bxe3 21. Nxe3 axb5 22. Rxb5 c6 23. Rba5 Kc7 24. Ra8 Rdh7 25. Rf8 Nh6 26. Rxf6 Ng4 27. Rf3 Nxe3 28. Rxe3 Rg7 29. Rh3 c5 30. Kf1 Kc6 31. g3 b6 32. Ke2 Kb7 33. Rah1 Rg5 34. Rh4 Rh6 35. g4 Re6 36. gxh5 Rh6 37. R1h3 Kc6 38. Rf3 Kd6 39. Rf5 Rg1 40. Rh3 b5 41. Rg3 Rc1 42. Kd2 Rh1 43. Rg6+ Rxg6 44. hxg6 Rg1 45. Rf6+ Kd7 46. Rb6 b4 47. g7 Kc7 48. Re6 Rxg7 49. Rxe5 Kc6 50. Rf5 Rg2 51. Kc1 Rg1+ 52. Kb2 Rd1 53. Kb3 Kb5 54. f4 Rb1+ 55. Ka2 Rd1 56. Rd5 Kc6 57. Kb3 Rd2 58. f5 Rf2 59. f6 Kb6 60. Rf5 1-0

[Event "20. Dolomitenbank Open-A 2019"]
[Site "Lienz"]
[Date "2019.02.09"]
[Round "1.3"]
[White "Lumachi, Gabriele"]
[Black "Kunin, Vitaly"]
[Result "0-1"]
[ECO "A05"]
[WhiteElo "2231"]
[BlackElo "2531"]
[Annotator "ChessBase"]
[PlyCount "92"]
[EventDate "2019.02.09"]
[EventType "swiss"]
[EventCountry "AUT"]
[SourceTitle "playchess.com"]
[Source "ChessBase"]
[SourceQuality "1"]
[TimeControl "40/5400+30:1800+30"]

1. Nf3 Nf6 2. g3 b5 3. Bg2 Bb7 4. O-O e6 5. d4 c5 6. b3 cxd4 7. Bb2 Be7 8. Nxd4 Bxg2 9. Kxg2 a6 10. c4 bxc4 11. bxc4 Qc7 12. Qc2 O-O 13. Nd2 d6 14. Rac1 Nbd7 15. Rfd1 Rab8 16. Ba1 Rfc8 17. N4f3 h6 18. Ne4 Nxe4 19. Qxe4 Rb4 20. Qd4 Nf6 21. Nd2 Ra4 22. Qb2 Rb8 23. Qc2 Qc6+ 24. Kg1 Rc8 25. Qb2 Ne8 26. Qb3 Bg5 27. e3 Bf6 28. Bc3 Bxc3 29. Rxc3 Ra5 30. Rd3 Rc5 31. Rb1 Ra5 32. a3 Nf6 33. Qb4 Rc5 34. Qb6 Nd7 35. Qxc6 R5xc6 36. Ne4 Ne5 37. Rxd6 Rxc4 38. Nd2 Rc2 39. Kg2 Ra2 40. Ne4 Rcc2 41. Rb8+ Kh7 42. Rxa6 Ng4 43. Rf8 Nxf2 44. Nxf2 Rxf2+ 45. Kg1 Rg2+ 46. Kh1 Rge2 0-1

[Event "20. Dolomitenbank Open-A 2019"]
[Site "Lienz"]
[Date "2019.02.09"]
[Round "1.6"]
[White "Sanal, Vahap"]
[Black "Schnabel, Ralf"]
[Result "1-0"]
[ECO "B03"]
[WhiteElo "2497"]
[BlackElo "2175"]
[Annotator "ChessBase"]
[PlyCount "73"]
[EventDate "2019.02.09"]
[EventType "swiss"]
[EventCountry "AUT"]
[SourceTitle "playchess.com"]
[Source "ChessBase"]
[SourceQuality "1"]
[TimeControl "40/5400+30:1800+30"]

1. e4 Nf6 2. e5 Nd5 3. c4 Nb6 4. d4 d6 5. exd6 cxd6 6. Nc3 g6 7. Be3 Bg7 8. Rc1 O-O 9. b3 e5 10. dxe5 dxe5 11. Qxd8 Rxd8 12. Nb5 Rd7 13. a4 Bf8 14. Be2 Bb4+ 15. Kf1 Ba5 16. f4 e4 17. Nh3 Nc6 18. Ng5 f5 19. Kf2 a6 20. Nc3 h6 21. Ne6 Re7 22. Nd4 Nb4 23. Rhd1 Nd7 24. Nd5 Nxd5 25. cxd5 Nf6 26. h3 Bd7 27. Ne6 Rc8 28. Rxc8+ Bxc8 29. Bc5 Re8 30. Bc4 Nd7 31. d6 Kh7 32. Bd4 Nb6 33. Nc7 Rd8 34. Bf6 Rxd6 35. Rxd6 Nxc4 36. Rd8 Bxc7 37. Rh8# 1-0

[Event "20. Dolomitenbank Open-A 2019"]
[Site "Lienz"]
[Date "2019.02.09"]
[Round "1.8"]
[White "Goh, Wei Ming Kevin"]
[Black "Ng, Jen Sheng"]
[Result "0-1"]
[ECO "A45"]
[WhiteElo "2477"]
[BlackElo "2153"]
[Annotator "ChessBase"]
[PlyCount "58"]
[EventDate "2019.02.09"]
[EventType "swiss"]
[EventCountry "AUT"]
[SourceTitle "playchess.com"]
[Source "ChessBase"]
[SourceQuality "1"]
[TimeControl "40/5400+30:1800+30"]

1. d4 Nf6 2. Bg5 Ne4 3. Bf4 d5 4. e3 c5 5. Bd3 cxd4 6. Bxe4 dxe4 7. exd4 e6 8. Ne2 Nc6 9. O-O Be7 10. Nbc3 f5 11. f3 exf3 12. Rxf3 O-O 13. Qd3 Bf6 14. Rd1 b6 15. a3 Bb7 16. Re3 g5 17. Rg3 Kh8 18. Bc1 f4 19. Rh3 Qe7 20. Ne4 Rad8 21. c3 Qg7 22. Qc2 Ne7 23. Nf2 Nf5 24. Ng4 Nh4 25. Kf2 Bxg2 26. Rxh4 gxh4 27. Nxf6 Rxf6 28. Rg1 h3 29. Bxf4 Qg4 0-1

[Event "20. Dolomitenbank Open-A 2019"]
[Site "Lienz"]
[Date "2019.02.10"]
[Round "3.5"]
[White "Hacker, Jonas"]
[Black "Solodovnichenko, Yuri"]
[Result "0-1"]
[ECO "B96"]
[WhiteElo "2369"]
[BlackElo "2574"]
[Annotator "RC"]
[PlyCount "108"]
[EventDate "2019.02.09"]
[EventType "swiss"]
[EventCountry "AUT"]
[SourceTitle "playchess.com"]
[Source "ChessBase"]
[SourceQuality "1"]
[TimeControl "40/5400+30:1800+30"]

1. e4 c5 2. Nf3 d6 3. d4 Nf6 4. Nc3 cxd4 5. Nxd4 a6 6. Bg5 e6 7. f4 h6 8. Bh4 Qb6 9. a3 Be7 10. Bf2 Qc7 11. g4 g5 12. f5 Nc6 13. Nxc6 Qxc6 14. Bg2 h5 15. fxe6 Bxe6 16. gxh5 Nxh5 17. Nd5 Bxd5 18. exd5 Qc4 19. Qd4 Qxd4 20. Bxd4 Bf6 21. Bxf6 Nxf6 22. O-O Ng4 23. Rf5 Rg8 24. Re1+ Ne5 25. Re4 Rc8 26. c3 Ke7 27. Bf1 b5 28. Be2 Rc5 29. Rd4 f6 30. Rf1 Rh8 31. Ra1 f5 32. a4 bxa4 33. Raxa4 a5 34. Rd2 g4 35. Bd1 Kf6 36. Rad4 Kg5 37. Rf2 Rc4 38. Rff4 Rxd4 39. Rxd4 f4 40. Ra4 f3 41. Rd4 Rh7 42. b3 Rh8 43. c4 Rh7 44. Re4 a4 45. bxa4 Rb7 46. Rd4 Rb2 47. Kh1 Kh4 48. c5 dxc5 49. Re4 Rb1 50. Re1 Nd3 51. Rf1 Nf2+ 52. Kg1 Nxd1 53. d6 f2+ 54. Kh1 Kh3 0-1

[Event "20. Dolomitenbank Open-A 2019"]
[Site "Lienz"]
[Date "2019.02.10"]
[Round "3.6"]
[White "Istratescu, Andrei"]
[Black "Singer, Christoph"]
[Result "1/2-1/2"]
[ECO "D37"]
[WhiteElo "2555"]
[BlackElo "2338"]
[Annotator "RC"]
[PlyCount "39"]
[EventDate "2019.02.09"]
[EventType "swiss"]
[EventCountry "AUT"]
[SourceTitle "playchess.com"]
[Source "ChessBase"]
[SourceQuality "1"]
[TimeControl "40/5400+30:1800+30"]

1. d4 d5 2. c4 e6 3. Nc3 Be7 4. Nf3 Nf6 5. Bf4 O-O 6. e3 b6 7. cxd5 Nxd5 8. Nxd5 Qxd5 9. Bd3 Qa5+ 10. Nd2 Ba6 11. Be4 Nd7 12. a3 Rac8 13. Bc6 Bb5 14. b4 Qa6 15. Bxb5 Qxb5 16. Qe2 a6 17. Qxb5 axb5 18. Ke2 c5 19. bxc5 bxc5 20. dxc5 1/2-1/2

[Event "20. Dolomitenbank Open-A 2019"]
[Site "Lienz"]
[Date "2019.02.14"]
[Round "7.3"]
[White "Zhang, Ziji"]
[Black "Prusikin, Michael"]
[Result "1/2-1/2"]
[ECO "E35"]
[WhiteElo "2406"]
[BlackElo "2517"]
[Annotator "RC"]
[PlyCount "30"]
[EventDate "2019.02.09"]
[EventType "swiss"]
[EventCountry "AUT"]
[SourceTitle "playchess.com"]
[Source "ChessBase"]
[SourceQuality "1"]
[TimeControl "40/5400+30:1800+30"]

1. d4 Nf6 2. c4 e6 3. Nc3 Bb4 4. Qc2 d5 5. cxd5 exd5 6. Bg5 h6 7. Bh4 c5 8. dxc5 O-O 9. e3 Be6 10. Bd3 d4 11. exd4 Nc6 12. Nge2 Nxd4 13. Nxd4 Qxd4 14. Bxf6 Qxf6 15. O-O Bxc3 1/2-1/2

[Event "20. Dolomitenbank Open-A 2019"]
[Site "Lienz"]
[Date "2019.02.14"]
[Round "7.6"]
[White "Solodovnichenko, Yuri"]
[Black "Lin, Yi"]
[Result "1/2-1/2"]
[ECO "B10"]
[WhiteElo "2574"]
[BlackElo "2345"]
[Annotator "RC"]
[PlyCount "191"]
[EventDate "2019.02.09"]
[EventType "swiss"]
[EventCountry "AUT"]
[SourceTitle "playchess.com"]
[Source "ChessBase"]
[SourceQuality "1"]
[TimeControl "40/5400+30:1800+30"]

1. e4 c6 2. Nf3 d5 3. Nc3 dxe4 4. Nxe4 Nf6 5. Qe2 Nxe4 6. Qxe4 Qd5 7. Qh4 Qe6+ 8. Be2 Qg4 9. Qg3 g6 10. Ng5 Qxg3 11. hxg3 Bg7 12. Bc4 e6 13. Rxh7 Rxh7 14. Nxh7 f6 15. g4 Kf7 16. g5 f5 17. Nf6 Bxf6 18. gxf6 Nd7 19. b4 Nxf6 20. Bb2 Bd7 21. f3 Rh8 22. Kf2 Rh4 23. d3 Nd5 24. a3 g5 25. Re1 Nf4 26. Kg1 Nh5 27. Kf2 Nf4 28. Be5 Rh2 29. Rg1 Nh3+ 30. Kf1 Nf4 31. d4 b5 32. Bb3 Ke7 33. g4 Rd2 34. Ke1 Re2+ 35. Kd1 Rg2 36. Rh1 fxg4 37. Rh7+ Kd8 38. Bf6+ Kc7 39. Be5+ Kd8 40. Bf6+ Kc7 41. fxg4 Rxg4 42. Rh8 Bc8 43. Rg8 Nd5 44. Be5+ Kb7 45. Rg7+ Ka6 46. Ke2 Rg1 47. Bd6 Bb7 48. a4 Nc3+ 49. Kf2 Rg4 50. axb5+ cxb5 51. Bc5 Ne4+ 52. Ke3 Rg3+ 53. Ke2 Rg2+ 54. Kf1 Nxc5 55. dxc5 Rg4 56. Rg6 Rxb4 57. Rxe6+ Ka5 58. Re7 Rf4+ 59. Kg1 Bf3 60. Rxa7+ Kb4 61. Rc7 Rf5 62. c6 Rc5 63. Rd7 Bxc6 64. Rd4+ Kc3 65. Rd3+ Kb2 66. Rd4 Be8 67. Rd6 Bh5 68. Kf2 Re5 69. Rc6 Bd1 70. Kg3 Re3+ 71. Kf2 Re2+ 72. Kf1 Re5 73. Kf2 g4 74. Rb6 Kc3 75. Rc6+ Kb2 76. Rb6 Bxc2 77. Bc4 Ba4 78. Kg3 Rg5 79. Bxb5 Bxb5 80. Kf4 Rd5 81. Kxg4 Kc3 82. Rg6 Kd4 83. Rg5 Be2+ 84. Kf4 Rd8 85. Kg3 Rf8 86. Rg7 Bd3 87. Kg4 Rf1 88. Rg5 Ke3 89. Kg3 Be4 90. Kg4 Rh1 91. Kg3 Rf1 92. Kg4 Rf3 93. Rg7 Bf5+ 94. Kg5 Be4 95. Kg4 Rf1 96. Rg5 1/2-1/2

[Event "20. Dolomitenbank Open-A 2019"]
[Site "Lienz"]
[Date "2019.02.16"]
[Round "9.1"]
[White "Ankit, R. Rajpara"]
[Black "Sanal, Vahap"]
[Result "1/2-1/2"]
[ECO "E15"]
[WhiteElo "2451"]
[BlackElo "2497"]
[Annotator "ChessBase"]
[PlyCount "108"]
[EventDate "2019.02.09"]
[EventType "swiss"]
[EventCountry "AUT"]
[SourceTitle "playchess.com"]
[Source "ChessBase"]
[SourceQuality "1"]
[TimeControl "40/5400+30:1800+30"]

1. d4 Nf6 2. c4 e6 3. Nf3 b6 4. g3 c6 5. Bg2 d5 6. O-O Be7 7. Qc2 O-O 8. Nbd2 Bb7 9. e4 Na6 10. a3 dxc4 11. Nxc4 c5 12. e5 Nd5 13. dxc5 Nxc5 14. b4 Nd7 15. Bb2 Rc8 16. Qb3 Rc7 17. Rfd1 Qa8 18. Nd4 a6 19. Nd6 Bxd6 20. exd6 Rcc8 21. Nf5 exf5 22. Bxd5 b5 23. Bxb7 Qxb7 24. Rac1 Rxc1 25. Rxc1 Re8 26. Qc3 f6 27. Qc7 Qxc7 28. Rxc7 Rd8 29. Bd4 Kf7 30. Ra7 Ke6 31. Rxa6 Rc8 32. Ra5 Kd5 33. Bc5 Kc6 34. Ra6+ Kb7 35. Ra7+ Kc6 36. Kf1 g5 37. h4 h6 38. h5 Rd8 39. Rc7+ Kd5 40. Rb7 Kc6 41. Rc7+ Kd5 42. Rb7 Kc6 43. Ra7 Kd5 44. Ra5 Kc6 45. Ra6+ Kd5 46. Ra5 Kc6 47. Ra6+ Kd5 48. a4 Nxc5 49. bxc5 bxa4 50. Rxa4 Kxc5 51. Ra7 Kxd6 52. Rh7 f4 53. gxf4 gxf4 54. Rxh6 Ke5 1/2-1/2

[Event "20. Dolomitenbank Open-A 2019"]
[Site "Lienz"]
[Date "2019.02.16"]
[Round "9.3"]
[White "Maiorov, Nikita"]
[Black "Gaprindashvili, Valeriane"]
[Result "1-0"]
[ECO "E32"]
[WhiteElo "2523"]
[BlackElo "2387"]
[Annotator "ChessBase"]
[PlyCount "113"]
[EventDate "2019.02.09"]
[EventType "swiss"]
[EventCountry "AUT"]
[SourceTitle "playchess.com"]
[Source "ChessBase"]
[SourceQuality "1"]
[TimeControl "40/5400+30:1800+30"]

1. d4 Nf6 2. c4 e6 3. Nc3 Bb4 4. Qc2 O-O 5. a3 Bxc3+ 6. Qxc3 Ne4 7. Qc2 d5 8. e3 f5 9. Nh3 a5 10. Bd3 Nc6 11. O-O a4 12. cxd5 exd5 13. Nf4 Ne7 14. Bd2 Nxd2 15. Qxd2 g5 16. Ne2 Qd6 17. Rfe1 Bd7 18. Rac1 c6 19. Bc2 b5 20. f3 h6 21. Nc3 Rad8 22. Bb1 Be8 23. e4 dxe4 24. fxe4 Bg6 25. Ba2+ Bf7 26. Bxf7+ Rxf7 27. Rcd1 fxe4 28. Nxe4 Qf4 29. Qe2 Nd5 30. Nc5 Re7 31. Qd3 Rd6 32. Rxe7 Nxe7 33. Qe2 Qf7 34. Re1 Nf5 35. Rf1 Qe7 36. Qe4 Rd5 37. g4 Qxe4 38. Nxe4 Rxd4 39. Nf6+ Kf7 40. Rxf5 Rd1+ 41. Kf2 Rd2+ 42. Ke3 Rxb2 43. Ne4+ Kg7 44. Rc5 Ra2 45. Rc3 Rxh2 46. Ng3 Ra2 47. Kd4 Rd2+ 48. Ke5 b4 49. axb4 Rb2 50. Nf5+ Kf7 51. Nxh6+ Ke7 52. Rxc6 Rxb4 53. Rc7+ Ke8 54. Ra7 Rb6 55. Nf5 Rb4 56. Nd6+ Kd8 57. Ke6 1-0

[Event "20. Dolomitenbank Open-A 2019"]
[Site "Lienz"]
[Date "2019.02.16"]
[Round "9.4"]
[White "Mesaros, Florian"]
[Black "Prusikin, Michael"]
[Result "0-1"]
[ECO "E41"]
[WhiteElo "2449"]
[BlackElo "2517"]
[Annotator "RC"]
[PlyCount "90"]
[EventDate "2019.02.09"]
[EventType "swiss"]
[EventCountry "AUT"]
[SourceTitle "playchess.com"]
[Source "ChessBase"]
[SourceQuality "1"]
[TimeControl "40/5400+30:1800+30"]

1. d4 Nf6 2. c4 e6 3. Nc3 Bb4 4. e3 c5 5. Nf3 Bxc3+ 6. bxc3 d6 7. Bd3 Nc6 8. O-O e5 9. d5 Ne7 10. Nd2 O-O 11. Qc2 g6 12. f4 exf4 13. Rxf4 Ng4 14. Nf3 f6 15. h3 Ne5 16. Nxe5 dxe5 17. Rf1 f5 18. a4 a5 19. Bd2 Qd6 20. Rf2 Bd7 21. Rb1 b6 22. Be2 Rf6 23. Be1 Raf8 24. Rf3 g5 25. Bg3 Ng6 26. Rbf1 Qe7 27. e4 f4 28. Be1 h5 29. Rd3 g4 30. Qd1 f3 31. gxf3 Nf4 32. Bh4 g3 33. Bxg3 Rg6 34. Kh2 Qg5 35. Rg1 Nxh3 36. f4 exf4 37. Bf2 Nxg1 38. Qxg1 Qf6 39. Qe1 Qe5 40. Bf3 Bg4 41. Bh1 f3+ 42. Bg3 f2 43. Qf1 Qg5 44. Bg2 h4 45. Bxf2 Be2 0-1

[Event "20. Dolomitenbank Open-A 2019"]
[Site "Lienz"]
[Date "2019.02.16"]
[Round "9.5"]
[White "Zhang, Ziji"]
[Black "Studer, Noel"]
[Result "0-1"]
[ECO "D26"]
[WhiteElo "2406"]
[BlackElo "2494"]
[Annotator "ChessBase"]
[PlyCount "148"]
[EventDate "2019.02.09"]
[EventType "swiss"]
[EventCountry "AUT"]
[SourceTitle "playchess.com"]
[Source "ChessBase"]
[SourceQuality "1"]
[TimeControl "40/5400+30:1800+30"]

1. d4 d5 2. c4 dxc4 3. Nf3 e6 4. e3 Nf6 5. Bxc4 a6 6. O-O c5 7. b3 b5 8. Be2 Bb7 9. Bb2 Nbd7 10. a4 b4 11. Nbd2 Be7 12. Rc1 Rc8 13. Nc4 O-O 14. Nfe5 cxd4 15. Nxd7 Nxd7 16. Bxd4 Bd5 17. a5 Bc5 18. Nb6 Bxb6 19. Rxc8 Qxc8 20. axb6 Qb7 21. f3 e5 22. Bb2 Bc6 23. Qd6 Qxb6 24. Rc1 Qxe3+ 25. Kf1 Nb8 26. Rxc6 Nxc6 27. Qxc6 Qxb3 28. Bxe5 a5 29. Qb5 Qe3 30. Qxa5 Re8 31. f4 Rc8 32. Bd1 Qd3+ 33. Be2 Qe3 34. Bd1 Qd2 35. Qa1 f6 36. Qd4 Qc1 37. Bd6 Rd8 38. Qd5+ Kh8 39. Kf2 Qc8 40. Qd4 Qe6 41. Qxb4 Qxd6 42. Qxd6 Rxd6 43. Bf3 Kg8 44. h4 Kf7 45. Bh5+ Ke7 46. g3 Rd3 47. Bg4 Ra3 48. Bf5 h6 49. Kg2 Kd6 50. Be4 Kc5 51. Kf2 Kd4 52. Bb7 Rc3 53. Ba8 Kd3 54. Bb7 Kd2 55. Bd5 Rc2 56. Be4 Rb2 57. Bc6 Kd1+ 58. Kf1 Rd2 59. Be4 Kc1 60. Ke1 Rh2 61. Bf3 Kc2 62. Kf1 Kd3 63. Kg1 Rb2 64. Kf1 Kd4 65. Kg1 Ke3 66. Bc6 Rc2 67. Bb7 Rc7 68. Ba8 Rc5 69. Kg2 g5 70. fxg5 hxg5 71. Kh3 Kf2 72. Kg4 Rc3 73. Kf5 Rxg3 74. h5 Rh3 0-1

[Event "20. Dolomitenbank Open-A 2019"]
[Site "Lienz"]
[Date "2019.02.16"]
[Round "9.6"]
[White "Low, Zhen Yu Cyrus"]
[Black "Schreiner, Peter"]
[Result "1/2-1/2"]
[ECO "C51"]
[WhiteElo "2377"]
[BlackElo "2476"]
[Annotator "ChessBase"]
[PlyCount "26"]
[EventDate "2019.02.09"]
[EventType "swiss"]
[EventCountry "AUT"]
[SourceTitle "playchess.com"]
[Source "ChessBase"]
[SourceQuality "1"]
[TimeControl "40/5400+30:1800+30"]

1. e4 e5 2. Nf3 Nc6 3. Bc4 Bc5 4. b4 Bb6 5. Nc3 d6 6. Nd5 Nf6 7. O-O Bg4 8. c3 Nxd5 9. Bxd5 Qf6 10. d3 Nd8 11. Bg5 Qxg5 12. Nxg5 Bxd1 13. Rfxd1 c6 1/2-1/2

[Event "20. Dolomitenbank Open-A 2019"]
[Site "Lienz"]
[Date "2019.02.16"]
[Round "9.8"]
[White "Hacker, Jonas"]
[Black "Goh, Wei Ming Kevin"]
[Result "0-1"]
[ECO "C18"]
[WhiteElo "2369"]
[BlackElo "2477"]
[Annotator "RC"]
[PlyCount "138"]
[EventDate "2019.02.09"]
[EventType "swiss"]
[EventCountry "AUT"]
[SourceTitle "playchess.com"]
[Source "ChessBase"]
[SourceQuality "1"]
[TimeControl "40/5400+30:1800+30"]

1. e4 e6 2. d4 d5 3. Nc3 Bb4 4. e5 c5 5. a3 Bxc3+ 6. bxc3 Ne7 7. Qg4 Kf8 8. Nf3 Qa5 9. Bd2 Qa4 10. Bd3 c4 11. Be2 Qxc2 12. O-O Nbc6 13. Rac1 Qa4 14. Qh5 h6 15. Bd1 Qxa3 16. Bc2 Qa5 17. Ng5 g6 18. Qh4 Qd8 19. Nh3 Nf5 20. Qg4 b5 21. Qf3 a5 22. Nf4 Ke7 23. Nxd5+ exd5 24. g4 Rg8 25. Kh1 Ncxd4 26. cxd4 Nxd4 27. Qe3 Ne6 28. Qa3+ Ke8 29. Ra1 Qe7 30. Qb2 Qb7 31. f3 b4 32. Bxh6 b3 33. Bb1 g5 34. Bf5 a4 35. h4 Rh8 36. Bxg5 Nxg5 37. e6 Rxh4+ 38. Kg2 Bxe6 39. Qg7 Bxf5 40. Qxg5 Qe7 41. Qxf5 Qe2+ 42. Rf2 Rh2+ 43. Kxh2 Qxf2+ 44. Kh3 Qd4 45. Re1+ Kf8 46. Re5 b2 47. Qf6 Qxe5 48. Qxe5 b1=Q 49. Qh8+ Ke7 50. Qe5+ Kd7 51. Qxd5+ Kc7 52. Qc5+ Kb7 53. Qd5+ Ka7 54. Qa5+ Kb7 55. Qd5+ Kb6 56. Qxa8 Qb3 57. Qd8+ Kb5 58. Qd7+ Kb4 59. Qxf7 a3 60. Qe7+ Kc3 61. Qe3+ Kc2 62. Qe2+ Kc1 63. Qe1+ Kb2 64. Qd2+ Qc2 65. Qb4+ Ka2 66. Kg3 c3 67. g5 Qd3 68. Qb6 c2 69. Qe6+ Kb2 0-1